AoeStats
← Moonblood

Arabia

503263161Analyzed
1v1 RM · 2mo ago on Aug 30, 2026· 83m 35s· 2 players
Game mode
Random Map
Map size
Tiny (2 player)
Population
200
Speed
Normal
Resources
Standard
Victory
Conquest
Starting age
Dark Age
Ending age
Imperial Age
RankedLock teamsTeams togetherTeam positionsShared explorationLock speedFull tech treeHidden civsTurbo modeCheats
Victory
Defeat
🇧🇷 Franks · Brazil
844
+15
vs
🇧🇷 Britons · Brazil
827
-15
Moonblood
8:11 Loom
10:44 Feudal Age
16:46 Double-Bit Axe
16:53 Gold Mining
17:02 Fletching
17:46 Padded Archer Armor
19:05 Scale Mail Armor
19:16 Forging
26:19 Castle Age
26:37 Crossbowman
26:40 Pikeman
27:23 Squires
27:48 Bodkin Arrow
29:04 Wheelbarrow
28:14 Horse Collar
28:48 Bow Saw
30:25 Leather Archer Armor
35:28 Ballistics
38:55 Imperial Age
39:38 Bracer
41:22 Chemistry
41:44 Yeomen
40:48 Arbalester
41:15 Halberdier
45:14 Elite Longbowman
45:40 Halberdier
53:49 Chain Mail Armor
54:10 Iron Casting
DKT | Tannyk_AoE
5:08 Loom
11:05 Feudal Age
12:35 Double-Bit Axe
21:10 Castle Age
19:16 Gold Mining
20:44 Stone Mining
21:09 Scale Barding Armor
21:15 Forging
23:39 Gold Shaft Mining
24:05 Husbandry
24:22 Bow Saw
24:55 Town Watch
27:45 Chain Barding Armor
34:55 #83
36:51 Scale Mail Armor
37:28 Iron Casting
40:27 Imperial Age
39:15 Chain Mail Armor
40:32 Elite Throwing Axeman
41:33 Conscription
44:22 Cavalier
46:55 Wheelbarrow
46:22 Town Patrol
47:05 Paladin
51:30 Plate Barding Armor
52:04 Blast Furnace
64:09 Man-at-Arms
64:36 Gambesons
64:51 Squires
65:30 Long Swordsman
66:42 Two-Handed Swordsman
68:29 Champion
70:24 Arson
71:00 Hand Cart
71:21 Plate Mail Armor
Connection lost

Rejoining the realm…

Still unreachable

The connection could not be restored.

Session expired

The server has moved on; the page needs a fresh start.